 Dungeon Crawl Stone Soup version 0.27-a0-1334-g2746e35aca (webtiles) character file.

Game seed: 4999954404436602069

158 zero the Conjurer (level 5, -1/32 HPs)
             Began as a Gargoyle Conjurer on June 26, 2021.
             Killed by nerve-wracking pain
             ... invoked by an orc priest
              (7 damage)
             ... on level 3 of the Dungeon.
             The game lasted 00:03:47 (3581 turns).

zero the Conjurer (Gargoyle Conjurer)               Turns: 3581, Time: 00:03:47

Health: -1/32      AC: 10    Str: 10    XL:     5   Next: 40%
Magic:  1/9        EV: 11    Int: 20    God:
Gold:   84         SH:  0    Dex:  8    Spells: 7/10 levels left

rFire    . . .     SeeInvis .   h - +1 dagger (venom)
rCold    . . .     Faith    .   (no shield)
rNeg     + . .     Spirit   .   b - +2 robe {Will+}
rPois    ∞         Reflect  .   k - +0 helmet
rElec    +         Harm     .   (no cloak)
rCorr    .         Rampage  .   (no gloves)
Will     +....                  d - +0 pair of boots
Stlth    ++........             (no amulet)
HPRegen  0.10/turn              (no ring)
MPRegen  0.11/turn              (no ring)

@: no status effects
A: sickness immunity, AC +4, negative energy resistance 1, electricity
resistance, torment resistance 1, petrification resistance
a: no special abilities


You were on level 3 of the Dungeon.
You visited 1 branch of the dungeon, and saw 3 of its levels.

You collected 84 gold pieces.

Inventory:

Hand Weapons
 h - a +1 dagger of venom (weapon)
Missiles
 c - 143 stones
Armour
 b - a +2 robe of willpower (worn)
 d - a +0 pair of boots (worn)
 k - a +0 helmet (worn)
Scrolls
 e - a scroll of holy word {unknown}
 g - a scroll of amnesia {unknown}
 i - 3 scrolls of teleportation {unknown}
 n - 2 scrolls of identify {unknown}
Potions
 a - a potion of ambrosia {unknown}
 f - 3 potions of lignification {unknown}
 j - a potion of degeneration {unknown}
 l - 2 potions of curing {unknown}
 m - a potion of attraction {unknown}


   Skills:
 + Level 2.8 Fighting
 - Level 1.5 Dodging
 - Level 3.0 Stealth
 + Level 3.1 Spellcasting
 + Level 5.3 Conjurations


You had 7 spell levels left.
You knew the following spells:

 Your Spells              Type           Power      Damage    Failure   Level
a - Magic Dart            Conj           96%        1d7       1%          1
b - Searing Ray           Conj           48%        3d5       2%          2

Your spell library contained the following spells:

 Spells                   Type           Power      Damage    Failure   Level
 Dazzling Flash           Conj/Hex       26%        N/A       14%         3
 Fulminant Prism          Conj/Hex       6%         3d7       43%         4
 Iskenderun's Mystic Bla  Conj/Tloc      13%        2d5       43%         4


Dungeon Overview and Level Annotations

Branches:
Dungeon (3/15)

Altars:


Innate Abilities, Weirdness & Mutations

You are immune to sickness and miasma.
Your stone body is resilient. (AC +4)
You are immune to poison.
You resist negative energy. (rN+)
You are resistant to electric shocks. (rElec)
You are resistant to unholy torment.
You are immune to petrification.


Message History

The floating eye turns its gaze towards you.
The floating eye pulsates ominously.
An orc comes into view. It is wielding a +0 dagger.
An orc and an orc wizard come into view.
The orc wizard shouts!
The orc shouts!
You hear a shout!
An orc comes into view.
It is wielding a +0 trident and quivering atropa-tipped darts.
There are monsters nearby!
An orc priest comes into view. It is wielding a +0 whip.
The orc hits you but does no damage.
There are monsters nearby!
The orc priest shouts!
You hit the orc.
The orc is poisoned.
The orc is severely wounded.
The orc hits you with a +0 dagger.
There are monsters nearby!
The orc shouts!
The orc priest calls down the wrath of Beogh upon you.
Beogh smites you!
* * * LOW HITPOINT WARNING * * *
The orc wizard hits you but does no damage.
You feel a bit more experienced.
Casting: Searing Ray (safe; 2% risk of failure)
Confirm with . or Enter, or press ? or * to list all spells.
Aiming: Searing Ray (safe; 2% risk of failure)
Press: ? - help, Shift-Dir - straight line, f - orc wizard
Aim: an orc wizard, wielding a +0 dagger and wearing a +0 robe (74% to hit)
The searing ray hits the orc wizard!
The orc wizard is heavily wounded.
The searing ray hits the orc priest.
The orc priest is moderately wounded. (Press . to maintain the ray.)
The orc wizard casts a spell at you. The magic dart hits you.
* * * LOW HITPOINT WARNING * * *
The searing ray hits the orc wizard!
You kill the orc wizard!
The searing ray misses the orc priest.
The orc priest mumbles some strange prayers to Beogh against you.
Pain shoots through your body!
You die...

. ... ..... #.#.# ..### #.#.#
...#G# ... #(..###...### ...
#..o......... .. ..#
#.###.#.##.. . ..# # #o(.# #.#
.# #)### . #.# .# #@####....
#. #.###.# #......... #.
#.....# #.#####...
##.###.....# #.#
###..........# #.# #########
........#....# #.# #.......#
###.....#.##.# #.# #.......#
..#.....#..#.# #.# #.†.....#
..#.....##.#.###.#####.......#


You could see an orc priest.

Vanquished Creatures
  Jessica (D:2)
  A centaur skeleton (D:2)
  An orc wizard (D:3)
  Robin (D:2)
  2 adders (D:2)
  2 worms
  2 dart slugs
  An orc (D:3)
  An endoplasm (D:1)
  2 giant cockroaches
  8 goblins
  12 hobgoblins
  3 jackals
  6 kobolds (D:1)
  4 quokkas
  4 ball pythons
  7 bats
  2 frilled lizards (D:1)
  6 rats
66 creatures vanquished.

Notes
Turn   | Place    | Note
-------+----------+-------------------------------------------
     0 | D:1      | zero the Gargoyle Conjurer began the quest for the Orb.
     0 | D:1      | Reached XP level 1. HP: 10/10 MP: 3/3
   510 | D:1      | Reached XP level 2. HP: 12/16 MP: 1/5
   560 | D:1      | Learned a level 2 spell: Searing Ray
  1076 | D:1      | Reached skill level 1 in Fighting
  1499 | D:1      | Reached XP level 3. HP: 20/20 MP: 3/6
  1991 | D:2      | Reached XP level 4. HP: 20/26 MP: 1/7
  1992 | D:2      | Noticed Jessica
  2150 | D:2      | Killed Jessica
  2151 | D:2      | Reached skill level 5 in Conjurations
  2517 | D:2      | Noticed Robin
  2540 | D:2      | Reached XP level 5. HP: 31/31 MP: 2/9
  2554 | D:2      | Killed Robin
  3559 | D:3      | Noticed a floating eye
  3581 | D:3      | Killed from afar by an orc priest

Illustrated notes

Levels and vault maps discovered:
D:1:      dpeg_arrival_brainrot, layout_basic
D:2:      layout_basic, hangedman_decor_growths, ebering_dispersal_statue_hall,
          uniq_jessica, uniq_robin
D:3:      layout_basic, hellmonk_ecumenical_altar_watching_god

Skill      XL: |  1  2  3  4 |
---------------+-------------+-----
Fighting       | 1 2 |  2.8
Stealth        | 3 |  3.0
Conjurations   | 5 |  5.3
Spellcasting   | 3 |  3.1
Dodging        | |  1.5

Action                   |  1- 3 |  4- 6 || total
-------------------------+-------+-------++-------
Melee: Short sword       |    42 |       ||    42
       Dagger            |     1 |    38 ||    39
 Cast: Magic Dart        |    48 |    32 ||    80
       Searing Ray       |     3 |     7 ||    10
 Stab: Sleeping          |     1 |     1 ||     2
Armor: Robe              |    39 |    28 ||    67
Dodge: Dodged            |    51 |    28 ||    79

Table legend: (Time is in decaauts)
 A = Elapsed time spent in this place.
 B = Non-inter-level travel time spent in this place.
 C = Inter-level travel time spent in this place.
 D = Time resting spent in this place.
 E = Time spent auto-exploring this place.
 F = Levels seen in this place.
 G = Mean time per level.
                   A        B        C        D        E       F      G
               +--------+--------+--------+--------+--------+-----+--------+
         Total |   3585 |   3477 |    108 |    719 |   2231 |   3 | 1195.0 |
       Dungeon |   3585 |   3477 |    108 |    719 |   2231 |   3 | 1195.0 |
               +--------+--------+--------+--------+--------+-----+--------+

Top non-repeatable levels by time:
     D:1: 2117 daAuts
     D:2: 1139 daAuts
     D:3: 328 daAuts
